Map: Central Protocol

Players

MrSenfal

  • Race: Zerg Zerg
  • League: Gold

Hindulaatti

  • Race: Zerg Zerg
  • League: Diamond

Teryl

  • Race: Protoss Protoss
  • League: Silver

fanzuu

  • Race: Protoss Protoss

VOD

Have the link to the VOD?

Description

Time

  • Played on: Jan. 1, 2016, 3:17 p.m.
  • Length: 4:26
Show
View Real Time Build Order
Export as new Build Order

MrSenfal Zerg 

Build Orders: Hatch First 

Get SALT Encoding   

  12  0:01  Drone  
  13  0:09  Drone  
  14  0:21  Extractor  
  14  0:22  Drone, Extractor  
  14  0:23  Drone  
  14  0:28  Overlord  
  16  0:52  Drone  
  16  0:53  Hatchery  
  16  0:58  Drone  
  17  1:12  Spawning Pool  
  17  1:14  Drone  
  17  1:26  Drone  
  17  1:30  Extractor  
  17  1:36  Drone  
  17  1:37  Overlord  
  18  1:47  Drone  
  19  1:59  Queen  
  19  2:00  Zergling x4  
  23  2:05  Zergling x2  
  23  2:06  Queen  
  26  2:18  Drone  
  26  2:19  Drone  
  28  2:25  Drone  
  29  2:30  Overlord  
  29  2:34  Metabolic Boost  
  29  2:40  Queen  
  31  2:47  Zergling x6  
  32  2:58  Zergling x4  
  32  2:59  Zergling x2  
  32  3:03  Overlord  
  35  3:17  Zergling x10  
  35  3:18  Zergling x2  
  41  3:26  Zergling x6  
  43  3:38  Zergling x4  
  40  3:50  Overlord  
  40  3:52  Zergling x4  
  40  3:53  Zergling x8  
Show
View Real Time Build Order
Export as new Build Order

Hindulaatti Zerg 

Build Orders:  

Get SALT Encoding   

  12  0:01  Probe (Chrono Boost)  
  13  0:12  Probe (Chrono Boost)  
  14  0:19  Pylon  
  14  0:23  Probe (Chrono Boost)  
  15  0:38  Probe (Chrono Boost)  
  16  0:49  Probe (Chrono Boost)  
  17  0:51  Assimilator  
  17  0:53  Gateway  
  17  0:59  Probe (Chrono Boost)  
  19  1:11  Probe (Chrono Boost)  
  19  1:20  Pylon  
  19  1:21  Probe (Chrono Boost)  
  20  1:32  Probe (Chrono Boost)  
  21  1:40  Cybernetics Core  
  21  1:43  Probe (Chrono Boost)  
  22  1:48  Assimilator  
  22  1:55  Probe (Chrono Boost)  
  23  2:06  Probe (Chrono Boost)  
  24  2:16  Stargate  
  24  2:17  Probe (Chrono Boost)  
  24  2:20  Adept  
  27  2:32  Nexus  
  27  2:39  Probe (Chrono Boost)  
  28  3:01  Pylon  
  28  3:19  Oracle, Pylon  
  31  3:20  Pylon  
  31  3:27  Gateway  
  31  3:28  Pylon  
  31  3:37  Probe (Chrono Boost)  
  34  3:47  Gateway  
  29  3:50  Probe  
  29  3:51  Probe  
Show
View Real Time Build Order
Export as new Build Order

Teryl Protoss 

Build Orders:  

Get SALT Encoding   

Show
View Real Time Build Order
Export as new Build Order

fanzuu Protoss 

Build Orders:  

Get SALT Encoding   

Tags
 
Add a new tag
Caveats
  • Supply blocks, unpowered buildings, or Contaminate may cause inaccurate times.
  • Supply counts are checked every 10 seconds.